 Dungeon Sprint DCSS version 0.28-a0-1387-g3a22ab9bdc (webtiles) character file.

Game seed: 4427550118085936097

48488 mhtbhm the Executioner (level 14, -21/243 HPs)
             Began as a Minotaur Fighter on Jan 2, 2022.
             Was an Initiate of Gozag.
             Demolished by Antaeus (54 damage)
             ... in the Dungeon (Sprint VII: "The Pits").
             The game lasted 00:13:58 (5714 turns).

mhtbhm the Executioner (Minotaur Fighter)           Turns: 5714, Time: 00:13:59

Health: -21/243    AC: 14    Str: 27    XL:     14   Next: 12%
Magic:  13/13      EV: 19    Int:  5    God:    Gozag
Gold:   8588       SH:  8    Dex: 11    Spells: 13/13 levels left

rFire   + + +      SeeInvis .   a - +2 war axe (vamp)
rCold   + . .      Faith    +   c - +0 buckler
rNeg    . . .      Spirit   .   b - +3 ring mail {rF+}
rPois   +          Reflect  .   (helmet restricted)
rElec   +          Harm     .   r - +0 cloak
rCorr   +          Rampage  .   (no gloves)
Will    +....      NoTele   +   D - +1 pair of boots {Stlth+}
Stlth   ..........              L - amulet of Xom's Malicious Joy {Faith rF+}
HPRegen 0.50/turn               x - ring "Weshraca" {+Blink rCorr EV+4 Str+2}
MPRegen 0.13/turn               z - ring of poison resistance

@: mighty, berserking (expiring), resistant, frozen, hasted, quick
A: horns 2, retaliatory headbutt, deformed body
a: Renounce Religion, Evoke Blink, Potion Petition, Call Merchant, Bribe Branch


You were in the Dungeon.
You worshipped Gozag.
Gozag was greatly pleased with you.
You visited 1 branch You collected 13801 gold pieces.
You spent 291 gold pieces at shops.
You paid 4922 gold pieces to Gozag.

Inventory:

Hand Weapons
 a - a +2 vampiric war axe (weapon)
 N - a +1 broad axe of draining
 O - the +3 great mace of World Downfall {drain, Str+5 Int+9 Dex-2}
   (You took it off an orc sorcerer in the Dungeon)

   A truly terrible weapon, it drains the life of any living foe it strikes.
   Str:       It affects your strength (+5).
   Int:       It affects your intelligence (+9).
   Dex:       It affects your dexterity (-2).
Missiles
 t - 2 throwing nets
 u - a curare-tipped dart (quivered)
 F - 3 boomerangs
Armour
 b - a +3 ring mail of fire resistance (worn)
 c - a +0 buckler (worn)
 r - a +0 cloak (worn)
 D - a +1 pair of boots of stealth (worn)
Jewellery
 n - a +3 ring of strength
 p - a +3 ring of strength
 x - the ring "Weshraca" (left hand) {+Blink rCorr EV+4 Str+2}
   (You found it in the Dungeon)

   [ring of evasion]

   EV:        It affects your evasion (+4).
   Str:       It affects your strength (+2).
   +Blink:    It lets you blink.
   rCorr:     It protects you from acid and corrosion.
 y - a ring of see invisible
 z - a ring of poison resistance (right hand)
 H - a ring of flight
 J - a ring of resist corrosion
 L - the amulet of Xom's Malicious Joy (around neck) {Faith rF+}
   (You took it off a spriggan druid in the Dungeon)

   [amulet of faith]

   It allows you to gain divine favour quickly.
   rF:        It protects you from fire.
 M - the ring of Geot {Fire rElec rCorr Str-2 Dex+3}
   (You found it in the Dungeon)

   [ring of fire]

   It enhances your fire magic.
   Str:       It affects your strength (-2).
   Dex:       It affects your dexterity (+3).
   rF:        It protects you from fire.
   rC:        It makes you vulnerable to cold.
   rElec:     It insulates you from electricity.
   rCorr:     It protects you from acid and corrosion.
Wands
 v - a wand of mindburst (5)
 w - a wand of digging (6)
Scrolls
 j - 3 scrolls of blinking
 l - 5 scrolls of amnesia
 m - 3 scrolls of summoning
 A - a scroll of fear
 B - 2 scrolls of enchant weapon
 C - 2 scrolls of enchant armour
 E - a scroll of immolation
Potions
 e - 7 potions of curing
 f - 7 potions of heal wounds
 g - 2 potions of haste
 h - 4 potions of magic
 k - 2 potions of invisibility
 o - 2 potions of resistance
 K - a potion of lignification
Miscellaneous
 G - a phial of floods


   Skills:
 + Level 25.1 Fighting
 + Level 26.2 Axes
 + Level 2.8 Throwing
 + Level 19.0 Armour
 + Level 11.8 Dodging
 - Level 7.3 Stealth
 + Level 16.9 Shields


You had 13 spell levels left.
You didn't know any spells.
Your spell library was empty.

Dungeon Overview and Level Annotations

Branches:
Dungeon (1/1)

Altars:
Ashenzari
Cheibriados
Dithmenos
Elyvilon
Fedhas
Gozag
Hepliaklqana
Kikubaaqudgha
Makhleb
Nemelex Xobeh
Okawaru
Qazlal
Ru
Sif Muna
Trog
Uskayaw
Vehumet
Wu Jian
Xom
Yredelemnul
Zin
The Shining One
Beogh
Jiyva
Lugonu

Shops:
D ?

Annotations:
D Antaeus


Innate Abilities, Weirdness & Mutations

You have a pair of horns on your head.
You reflexively headbutt those who attack you in melee.
Armour fits poorly on your strangely shaped body.


Message History

Antaeus is lightly wounded.
You hit Antaeus but do no damage. You headbutt Antaeus, but do no damage.
Antaeus is lightly wounded.
Antaeus hits you! Antaeus freezes you!! You resist. Antaeus hits you.
Antaeus freezes you!! You resist.
You slash Antaeus!
Antaeus is lightly wounded.
You hit Antaeus but do no damage.
Antaeus is lightly wounded.
Antaeus gestures at you. The flash freeze hits you!! You partially resist.
You are encased in ice.
You completely miss Antaeus.
Antaeus is lightly wounded.
Antaeus is no longer moving slowly.
You hit Antaeus. You headbutt Antaeus!
Antaeus is lightly wounded.
Antaeus hits you. Antaeus freezes you! You resist. Antaeus hits you.
Antaeus freezes you!! You resist.
You chop Antaeus into pieces!!! You headbutt Antaeus, but do no damage.
Antaeus is lightly wounded.
You hit Antaeus but do no damage.
Antaeus is lightly wounded.
Antaeus hits you!! Antaeus freezes you!! You resist.
* * * LOW HITPOINT WARNING * * *
Antaeus hits you but does no damage.
You hit Antaeus.
Antaeus is lightly wounded.
Antaeus sneers, "Quit, thou infectious hasty-witted walking sirloin!"
Antaeus closely misses you. Antaeus hits you.
* * * LOW HITPOINT WARNING * * *
Antaeus freezes you!! You resist.
* * * LOW HITPOINT WARNING * * *
You hit Antaeus but do no damage.
Antaeus is lightly wounded.
You slash Antaeus! You headbutt Antaeus, but do no damage.
Antaeus is lightly wounded.
Antaeus hits you!!!
You die...
Your body crumbles into a pile of gold.

#.#
#'#
#.#
#'#
##.##
#...#
+...#
##C##
#@#
#)#
#'#
#.#
#'#
#)#
#'#
#.#
#'#


You could see Antaeus (fast, poisoned).

Vanquished Creatures
  An orb of fire (D)
  A royal mummy (D)
  A golden dragon (D)
  3 titans (D)
  A death cob (D)
  A draconian monk (D)
  A storm dragon (D)
  An emperor scorpion (D)
  Aizul (D)
  A balrug (D)
  A draconian annihilator (D)
  A deep elf demonologist (D)
  A red draconian (D)
  A deep elf annihilator (D)
  Snorg (D)
  A merfolk impaler (D)
  A deep elf high priest (D)
  3 fire dragons (D)
  A naga warrior (D)
  A rakshasa (D)
  2 boulder beetles (D)
  A spriggan air mage (D)
  A hydra (D)
  Harold (D)
  A death knight (D)
  2 death yaks (D)
  An orc high priest (D)
  2 sun demons (D)
  A deep elf knight (D)
  A fire crab (D)
  A spriggan druid (D)
  An iron troll (D)
  A deep elf archer (D)
  A deep troll (D)
  A phantasmal warrior (D)
  An orc knight (D)
  A deep elf pyromancer (D)
  2 deep elf zephyrmancers (D)
  2 wolf spiders (D)
  4 cyclopes (D)
  An orc sorcerer (D)
  Joseph (D)
  A naga mage (D)
  A gargoyle (D)
  An eye of devastation (D)
  2 rime drakes (D)
  A kobold demonologist (D)
  An ice devil (D)
  A demonic crawler (D)
  A hellwing (D)
  A guardian mummy (D)
  2 merfolk (D)
  2 tyrant leeches (D)
  A wind drake (D)
  2 hornets (D)
  A tarantella (D)
  3 blink frogs (D)
  A jumping spider (D)
  A snapping turtle (D)
  A water elemental (D)
  A basilisk (D)
  A golden eye (D)
  3 yaks (D)
  A redback (D)
  5 vampire mosquitoes (D)
  A naga (D)
  A warg (D)
  An acid dragon (D)
  A water moccasin (D)
  2 swamp drakes (D)
  3 orc warriors (D)
  A sky beast (D)
  An ogre (D)
  6 wolves (D)
  3 kobold brigands (D)
  2 bullfrogs (D)
  A gnoll sergeant (D)
  4 killer bees (D)
  2 crimson imps (D)
  A quasit (D)
  A gnoll shaman (D)
  An orc priest (D)
  2 hell rats (D)
  A mummy (D)
  11 gnolls (D)
  A river rat (D)
  An adder zombie (D)
  13 orcs (D)
  A bat simulacrum (D)
  An endoplasm (D)
  A giant cockroach (D)
  2 jackals (D)
  2 kobolds (D)
  2 quokkas (D)
  3 frilled lizards (D)
  A rat (D)
163 creatures vanquished.

Vanquished Creatures (others)
  A deep elf zephyrmancer (D)
  A wolf spider (D)
  A ynoxinul (D)
  An iguana (D)
  An orc wizard (D)
  A kobold (D)
6 creatures vanquished.

Grand Total: 169 creatures vanquished

Notes
Turn   | Place    | Note
-------+----------+-------------------------------------------
     0 | D        | mhtbhm the Minotaur Fighter began the quest for the Orb.
     0 | D        | Reached XP level 1. HP: 19/19 MP: 0/0
    19 | D        | Reached XP level 2. HP: 12/28 MP: 1/1
    23 | D        | Found a bloodstained altar of Trog.
    23 | D        | Found a shimmering blue altar of Sif Muna.
    23 | D        | Found a viscous altar of Jiyva.
    23 | D        | Found a hazy altar of Hepliaklqana.
    23 | D        | Found an opulent altar of Gozag.
    24 | D        | Found a glowing golden altar of the Shining One.
    24 | D        | Found a glowing silver altar of Zin.
    24 | D        | Found a basalt altar of Yredelemnul.
    24 | D        | Found a shimmering altar of Xom.
    24 | D        | Found an ornate altar of the Wu Jian Council.
    24 | D        | Found a sacrificial altar of Ru.
    24 | D        | Found a stormy altar of Qazlal.
    24 | D        | Found an iron altar of Okawaru.
    24 | D        | Found a sparkling altar of Nemelex Xobeh.
    24 | D        | Found a burning altar of Makhleb.
    24 | D        | Found a blossoming altar of Fedhas.
    24 | D        | Found a white marble altar of Elyvilon.
    24 | D        | Found a shadowy altar of Dithmenos.
    24 | D        | Found a snail-covered altar of Cheibriados.
    26 | D        | Found a radiant altar of Vehumet.
    26 | D        | Found a corrupted altar of Lugonu.
    27 | D        | Found a hide-covered altar of Uskayaw.
    27 | D        | Found an ancient bone altar of Kikubaaqudgha.
    27 | D        | Found a broken altar of Ashenzari.
    33 | D        | Became a worshipper of Gozag Ym Sagoz the Greedy
   234 | D        | Reached skill level 3 in Axes
   234 | D        | Reached skill level 5 in Shields
   299 | D        | Reached skill level 5 in Fighting
   322 | D        | Reached XP level 3. HP: 36/36 MP: 2/2
   327 | D        | Reached skill level 4 in Axes
   327 | D        | Reached skill level 5 in Armour
   404 | D        | Noticed an orc warrior
   405 | D        | Noticed a gnoll sergeant
   415 | D        | Reached skill level 5 in Axes
   415 | D        | Reached XP level 4. HP: 32/44 MP: 3/3
   442 | D        | Killed a gnoll sergeant
   443 | D        | Reached skill level 7 in Axes
   443 | D        | Reached skill level 1 in Dodging
   443 | D        | Reached XP level 5. HP: 35/52 MP: 4/4
   461 | D        | Reached skill level 8 in Axes
   477 | D        | Killed an orc warrior
   478 | D        | Reached skill level 9 in Axes
   478 | D        | Reached skill level 1 in Stealth
   478 | D        | Reached XP level 6. HP: 40/61 MP: 5/5
   484 | D        | Reached skill level 10 in Axes
   611 | D        | Reached skill level 11 in Axes
   626 | D        | Noticed a guardian mummy
   633 | D        | Killed a guardian mummy
   634 | D        | Reached skill level 12 in Axes
   634 | D        | Reached XP level 7. HP: 38/71 MP: 6/6
   805 | D        | Reached skill level 10 in Fighting
   805 | D        | Reached skill level 13 in Axes
   823 | D        | Noticed a seven-headed hydra
   823 | D        | Noticed an orc high priest
   833 | D        | Killed a nine-headed hydra
   834 | D        | Reached skill level 14 in Axes
   834 | D        | Reached XP level 8. HP: 82/82 MP: 7/7
   836 | D        | Reached skill level 5 in Dodging
   841 | D        | Noticed a hellwing
   846 | D        | Killed an orc high priest
   847 | D        | Reached skill level 15 in Axes
   847 | D        | Reached skill level 10 in Armour
   847 | D        | Reached XP level 9. HP: 90/90 MP: 8/8
  1002 | D        | Noticed a cyclops
  1012 | D        | Killed a cyclops
  1013 | D        | Reached skill level 16 in Axes
  1107 | D        | Noticed a tyrant leech
  1111 | D        | Reached skill level 10 in Shields
  1438 | D        | Killed a tyrant leech
  1606 | D        | Reached skill level 17 in Axes
  1622 | D        | Reached XP level 10. HP: 101/101 MP: 9/9
  1677 | D        | Noticed Harold
  1684 | D        | Reached skill level 18 in Axes
  1693 | D        | Killed Harold
  1824 | D        | Noticed a death yak
  1830 | D        | Killed a death yak
  1832 | D        | Paralysed by a hornet for 1 turns
  1838 | D        | Reached skill level 15 in Fighting
  1981 | D        | Noticed a boulder beetle
  1981 | D        | Noticed a death yak
  1988 | D        | Killed a death yak
  2004 | D        | Killed a boulder beetle
  2005 | D        | Reached skill level 19 in Axes
  2119 | D        | Noticed a wolf spider
  2125 | D        | Reached XP level 11. HP: 21/114 MP: 10/10
  2132 | D        | Killed a wolf spider
  2430 | D        | Noticed a wolf spider
  2443 | D        | Killed a wolf spider
  2473 | D        | Reached skill level 15 in Armour
  2538 | D        | Got the ring "Weshraca" {+Blink rCorr EV+4 Str+2}
  2682 | D        | Noticed a deep troll
  2698 | D        | Killed a deep troll
  2704 | D        | Reached skill level 5 in Stealth
  2897 | D        | Noticed a deep elf zephyrmancer
  2897 | D        | Noticed a deep elf archer
  2897 | D        | Noticed a deep elf zephyrmancer
  2900 | D        | Noticed a deep elf knight
  2900 | D        | Noticed a deep elf zephyrmancer
  2909 | D        | Killed a deep elf zephyrmancer
  2910 | D        | Reached skill level 20 in Axes
  2915 | D        | Killed a deep elf knight
  2921 | D        | Killed a deep elf zephyrmancer
  2935 | D        | Killed a deep elf zephyrmancer
  2948 | D        | Killed a deep elf archer
  3102 | D        | Noticed a deep elf pyromancer
  3114 | D        | Killed a deep elf pyromancer
  3221 | D        | Noticed a naga warrior
  3223 | D        | Noticed Snorg
  3230 | D        | Killed Snorg
  3231 | D        | Reached XP level 12. HP: 117/128 MP: 11/11
  3244 | D        | Killed a naga warrior
  3245 | D        | Reached skill level 21 in Axes
  3463 | D        | Noticed a merfolk impaler
  3463 | D        | Noticed a death knight
  3463 | D        | Noticed a deep elf demonologist
  3463 | D        | Noticed a deep elf annihilator
  3463 | D        | Noticed a deep elf high priest
  3463 | D        | Noticed a death cob
  3474 | D        | Noticed a Hell Sentinel
  3475 | D        | Killed a deep elf annihilator
  3477 | D        | Killed a deep elf high priest
  3478 | D        | Killed a merfolk impaler
  3489 | D        | HP: 3/130 [soul eater/drain life[a deep elf demonologist]
                  | (21)]
  3499 | D        | Killed a death knight
  3512 | D        | Killed a deep elf demonologist
  3513 | D        | Reached skill level 1 in Throwing
  3519 | D        | Killed a death cob
  3520 | D        | Reached skill level 22 in Axes
  3893 | D        | Noticed a rakshasa
  3902 | D        | Killed a rakshasa
  3905 | D        | Noticed an emperor scorpion
  3921 | D        | Identified the amulet of Xom's Malicious Joy {Faith rF+}
  3937 | D        | Killed an emperor scorpion
  3938 | D        | Reached skill level 10 in Dodging
  3947 | D        | Noticed Aizul
  3968 | D        | Killed Aizul
  3968 | D        | Identified the +3 great mace of World Downfall {drain,
                  | Str+5 Int+9 Dex-2}
  3969 | D        | Reached skill level 15 in Shields
  3979 | D        | Noticed Joseph
  3991 | D        | Killed Joseph
  3999 | D        | Reached XP level 13. HP: 113/143 MP: 12/12
  4039 | D        | Identified the +3 arbalest of Kairas {flame, rCorr Int-2
                  | Dex+2}
  4040 | D        | Reached skill level 23 in Axes
  4209 | D        | Got the ring of Geot {Fire rElec rCorr Str-2 Dex+3}
  4316 | D        | Noticed a royal mummy
  4337 | D        | Killed a royal mummy
  4708 | D        | Bought a scroll of immolation for 45 gold pieces
  4708 | D        | Bought a scroll of summoning for 123 gold pieces
  4708 | D        | Bought a scroll of summoning for 123 gold pieces
  4716 | D        | Noticed a titan
  4725 | D        | Killed a titan
  4726 | D        | Reached skill level 24 in Axes
  4750 | D        | Noticed a red draconian
  4760 | D        | Killed a red draconian
  4792 | D        | Noticed an orb of fire
  4804 | D        | Gained mutation: You tend to lose your temper in combat.
                  | [an orb of fire]
  4805 | D        | Gained mutation: You are dopey. (Int -2) [an orb of fire]
  4807 | D        | Gained mutation: You often lose your temper in combat. [an
                  | orb of fire]
  4812 | D        | Lost mutation: You often lose your temper in combat. [an
                  | orb of fire]
  4814 | D        | Killed an orb of fire
  4859 | D        | Lost mutation: You are dopey. (Int -2) [potion of mutation]
  4859 | D        | Lost mutation: You tend to lose your temper in combat.
                  | [potion of mutation]
  4859 | D        | Gained mutation: Armour fits poorly on your strangely
                  | shaped body. [potion of mutation]
  4868 | D        | Noticed a fire dragon
  4868 | D        | Noticed a green draconian monk
  4868 | D        | Noticed a fire dragon
  4868 | D        | Noticed a golden dragon
  4868 | D        | Noticed a fire dragon
  4868 | D        | Noticed a balrug
  4874 | D        | Killed a balrug
  4879 | D        | Killed a fire dragon
  4893 | D        | Killed a green draconian monk
  4894 | D        | Reached skill level 25 in Axes
  4899 | D        | Killed a golden dragon
  4904 | D        | Killed a fire dragon
  4910 | D        | Killed a fire dragon
  4977 | D        | Noticed a yellow draconian annihilator
  4993 | D        | Killed a yellow draconian annihilator
  4994 | D        | Reached XP level 14. HP: 80/160 MP: 13/13
  5219 | D        | Noticed a storm dragon
  5229 | D        | Killed a storm dragon
  5340 | D        | Noticed a titan
  5353 | D        | Killed a titan
  5354 | D        | Reached skill level 26 in Axes
  5412 | D        | Noticed a titan
  5425 | D        | Killed a titan
  5681 | D        | Noticed Antaeus
  5714 | D        | Demolished by Antaeus

Illustrated notes

Levels and vault maps discovered:
D:        pitsprint [storerooms_1, entrance_room_1, metal_vault_5, armoury_2,
          mini_pit_1, grid_room_1, main_hall_1, silver_pit, the_coven_1,
          the_vestibule_1, steel_vault_1, golden_pit, hallway_of_sentries,
          crystal_vault_5, iron_vault_2, final_vault]

Skill      XL: |  1  2  3  4  5  6  7  8  9 10 11 12 13 14 |
---------------+-------------------------------------------+-----
Fighting       | 4 5 6 7 8 9 11 13 16 18 21 24 25 | 25.1
Armour         | 4 5 6 7 8 9 10 11 13 15 17 18 19 | 19.0
Shields        | 4 5 6 7 8 9 10 12 13 15 16 | 16.9
Axes           | 3 5 7 9 12 14 15 17 19 20 22 25 26 | 26.2
Dodging        | 1 2 3 4 5 7 8 9 10 11 | 11.8
Stealth        | 1 2 3 7 |  7.3
Throwing       | 2 |  2.8

Action                   |  1- 3 |  4- 6 |  7- 9 | 10-12 | 13-15 || total
-------------------------+-------+-------+-------+-------+-------++-------
Melee: War axe           |     6 |       |    59 |   343 |   226 ||   634
       Headbutt          |    10 |    16 |    23 |    77 |    69 ||   195
       Hand axe          |    39 |    77 |    37 |       |       ||   153
Throw: Throwing net      |       |       |       |     1 |       ||     1
       Dart              |       |       |       |     3 |     1 ||     4
Invok: Potion Petition   |       |     1 |       |     4 |     4 ||     9
       Call Merchant     |       |       |       |       |     1 ||     1
  Use: Potion            |       |     3 |     1 |    11 |    10 ||    25
       Scroll            |       |       |       |     3 |     2 ||     5
 Stab: Distracted        |     1 |       |       |     4 |     2 ||     7
       Invisible         |       |       |       |     9 |     9 ||    18
       Sleeping          |       |       |       |       |     3 ||     3
Armor: Scale mail        |    14 |       |       |       |       ||    14
       Ring mail         |     5 |    10 |    10 |       |    17 ||    42
       Chain mail        |       |       |    12 |   158 |     8 ||   178
Dodge: Dodged            |    11 |    24 |    21 |   150 |    75 ||   281
Block: Buckler           |     8 |    14 |    10 |    81 |    25 ||   138

Table legend: (Time is in decaauts)
 A = Elapsed time spent in this place.
 B = Non-inter-level travel time spent in this place.
 C = Inter-level travel time spent in this place.
 D = Time resting spent in this place.
 E = Time spent auto-exploring this place.
 F = Levels seen in this place.
 G = Mean time per level.
                   A        B        C        D        E       F      G
               +--------+--------+--------+--------+--------+-----+--------+
         Total |   5487 |   5487 |      0 |   3488 |     23 |   1 | 5487.0 |
       Dungeon |   5487 |   5487 |      0 |   3488 |     23 |   1 | 5487.0 |
               +--------+--------+--------+--------+--------+-----+--------+

Top non-repeatable levels by time:
       D: 5487 daAuts
